 Dungeon Crawl Stone Soup version 0.30-a0-799-g109b55a442 (webtiles) character file.

Game seed: 13116963529109523197

283610 dolemite99 the Warrior (level 19, -3/138 (144) HPs)
             Began as a Demonspawn Fighter on Feb 20, 2023.
             Was a High Priest of Hepliaklqana.
             Killed from afar by an air elemental (7 damage)
             ... with a stunning burst
             ... summoned by Sojobo
             ... while paralysed by an air elemental
             ... on level 3 of the Vaults.
             The game lasted 01:23:04 (58021 turns).

dolemite99 the Warrior (Demonspawn Fighter)        Turns: 58021, Time: 01:23:05

HP:   -3/138 (144)  AC: 38    Str: 23    XL:     19   Next: 76%
MP:   23/26         EV:  2    Int: 18    God:    Hepliaklqana [*****.]
Gold: 447           SH:  0    Dex: 14    Spells: 16/18 levels left

rFire   + + +      SeeInvis +    a - +0 demon whip (vamp)
rCold   + + .      Faith    .    T - +2 tower shield
rNeg    . . .      Spirit   .    Q - +13 plate armour of the Shoals {Int+4}
rPois   +          Reflect  +    w - +0 mask of the Dragon {Will+ Slay+3 SInv}
rElec   +          Harm     .    f - scarf {rC+ rF+}
rCorr   +          Rampage  .    (gloves unavailable)
Will    +++..                    (no boots) Stlth
                                 O - amulet of reflection
HPRegen 0.43/turn                W - ring of Nukost {rCorr Int+4}
MPRegen 0.20/turn                m - ring of protection from fire

@: paralysed, resistant, lightly drained
A: reduced essence, large bone plates 3, icemail 2, condensation shield, demonic
magic 2, demonic willpower, demonic touch 3
}: 2/15 runes: decaying, gossamer
a: Renounce Religion, Recall Ancestor, Ancestor Identity, Transference, Idealise


You were on level 3 of the Vaults.
You worshipped Hepliaklqana.
Hepliaklqana was extremely pleased with you.
You visited 8 branches of the dungeon, and saw 35 of its levels.
You also visited: Bailey and Ice Cave.

You collected 5315 gold pieces.
You spent 4868 gold pieces at shops.

Inventory:

Hand Weapons
 a - a +0 vampiric demon whip (weapon)
 b - a +6 broad axe of venom
 n - a +6 demon trident of electrocution
Missiles
 l - 3 throwing nets (quivered)
 o - 9 boomerangs
 N - 4 curare-tipped darts
 R - 5 javelins
Armour
 f - a scarf of resistance (worn)
 w - the +0 mask of the Dragon (worn) {Will+ Slay+3 SInv}
   (You bought it in a shop on level 2 of the Orcish Mines)

   Slay:      It affects your accuracy & damage with ranged weapons and melee
   (+3).
   SInv:      It lets you see invisible.
   Will:      It increases your willpower.
 Q - the +13 plate armour of the Shoals (worn) {Int+4}
   (You found it on level 2 of the Vaults)

   Int:       It affects your intelligence (+4).
 T - a +2 tower shield (worn)
Jewellery
 d - a ring of protection from cold
 i - a ring of magical power
 j - an amulet of magic regeneration
 m - a ring of protection from fire (right hand)
 s - a ring of resist corrosion
 D - an amulet of the acrobat
 M - a ring of poison resistance
 O - an amulet of reflection (around neck)
 V - a ring of see invisible
 W - the ring of Nukost (left hand) {rCorr Int+4}
   (You found it in an ice cave)

   [ring of resist corrosion]

   Int:       It affects your intelligence (+4).
   rCorr:     It protects you from acid and corrosion.
 X - a ring of willpower
 Z - a +6 ring of dexterity
Wands
 c - a wand of digging (17)
 h - a wand of polymorph (25)
 q - a wand of flame (20)
 S - a wand of paralysis (19)
Scrolls
 r - a scroll of magic mapping
 x - 5 scrolls of teleportation
 y - 5 scrolls of fog
 C - 4 scrolls of vulnerability
 E - a scroll of fear
 F - 16 scrolls of identify {@r1}
 H - 3 scrolls of silence
 U - a scroll of enchant armour
Potions
 k - 8 potions of lignification
 p - 7 potions of curing
 u - 5 potions of cancellation
 v - 3 potions of berserk rage
 A - 5 potions of attraction
 B - 3 potions of haste
 G - 6 potions of ambrosia
 I - 3 potions of resistance
 J - 5 potions of brilliance
 K - a potion of might
 L - 3 potions of flight
 Y - a potion of heal wounds
Miscellaneous
 e - a condenser vane (inert)
 t - a box of beasts
 P - a tin of tremorstones (1/2)


   Skills:
 - Level 17.0 Fighting
 - Level 17.0 Axes
 - Level 4.0 Throwing
 - Level 17.0 Armour
 - Level 3.2 Stealth
 + Level 16.0 Shields
 - Level 10.0 Invocations
 - Level 8.4 Evocations


You had 16 spell levels left.
You knew the following spells:

 Your Spells              Type           Power      Damage    Failure   Level
a - Blink                 Tloc           0%         N/A       100%        2

Your spell library contained the following spells:

 Spells                   Type           Power      Damage    Failure   Level
 Apportation              Tloc           0%         N/A       99%         1
 Foxfire                  Conj/Fire      0%         2x1d4     99%         1
 Freeze                   Ice            0%         1d3       99%         1
 Magic Dart               Conj           0%         1d3       99%         1
 Necrotise                Necr           0%         1d4       99%         1
 Slow                     Hex            0%         N/A       99%         1
 Summon Small Mammal      Summ           0%         N/A       99%         1
 Cigotuvi's Dreadful Rot  Necr/Pois/Air  0%         N/A       100%        2
 Lesser Beckoning         Tloc           0%         N/A       100%        2
 Poisonous Vapours        Pois/Air       0%         N/A       100%        2
 Static Discharge         Conj/Air       0%         2-2/arc   100%        2
 Confusing Touch          Hex            0%         N/A       100%        3
 Frozen Ramparts          Ice            0%         1d1       100%        3
 Gell's Gravitas          Tloc           0%         N/A       100%        3
 Hailstorm                Conj/Ice       0%         3d3       100%        3
 Kindle Blastsparks       Fire/Tloc/Air  0%         2d10      100%        3
 Mephitic Cloud           Conj/Pois/Air  0%         N/A       100%        3
 Teleport Other           Tloc           0%         N/A       100%        3
 Vampiric Draining        Necr           0%         2d6       100%        3
 Vhi's Electric Charge    Tloc/Air       0%         N/A       100%        3
 Animate Armour           Summ/Erth      0%         N/A       100%        4
 Fulminant Prism          Conj/Hex       0%         3d5       100%        4
 Iskenderun's Mystic Bla  Conj/Tloc      0%         2d3       100%        4
 Leda's Liquefaction      Hex/Erth       0%         N/A       100%        4
 Manifold Assault         Tloc           0%         N/A       100%        4
 Passage of Golubria      Tloc           0%         N/A       100%        4
 Alistair's Intoxication  Tmut/Pois      0%         N/A       100%        5
 Blade Hands              Tmut           0%         N/A       100%        5
 Borgnjor's Vile Clutch   Necr/Erth      0%         N/A       100%        5
 Fireball                 Conj/Fire      0%         3d3       100%        5
 Freezing Cloud           Conj/Ice/Air   0%         6-21      100%        5
 Iskenderun's Battlesphe  Conj           0%         2d6       100%        5
 Lee's Rapid Deconstruct  Erth           0%         3d4*      100%        5
 Silence                  Hex/Air        0%         N/A       100%        5
 Summon Forest            Summ/Tloc      0%         N/A       100%        5
 Summon Mana Viper        Hex/Summ       0%         N/A       100%        5
 Dispersal                Tloc           0%         N/A       100%        6
 Eringya's Noxious Bog    Tmut/Pois      0%         N/A       100%        6
 Iron Shot                Conj/Erth      0%         9d1       100%        6
 Statue Form              Tmut/Erth      0%         N/A       100%        6
 Summon Cactus Giant      Summ           0%         N/A       100%        6
 Ozocubu's Refrigeration  Ice            0%         4d7       100%        7
 Spellforged Servitor     Conj/Summ      0%         N/A       100%        7
 Storm Form               Tmut/Air       0%         N/A       100%        7
 Borgnjor's Revivificati  Necr           0%         N/A       100%        8
 Disjunction              Tloc           0%         N/A       100%        8
 Lehudib's Crystal Spear  Conj/Erth      0%         10d2      100%        8
 Necromutation            Tmut/Necr      0%         N/A       100%        8
 Chain Lightning          Conj/Air       0%         N/A       100%        9
 Death's Door             Necr           0%         N/A       100%        9


Dungeon Overview and Level Annotations

Branches:
Dungeon (15/15)            Temple (1/1) D:4            Lair (5/5) D:11
  Swamp (4/4) Lair:3       Spider (4/4) Lair:3        Slime (0/5) Lair:5
    Orc (2/2) D:12            Elf (1/3) Orc:2        Vaults (3/5) D:14
  Crypt (0/3) Vaults:3     Depths (0/4) D:15         Bailey (visited)
  IceCv (visited)

Altars:
Ashenzari
Cheibriados
Dithmenos
Fedhas
Gozag
Hepliaklqana
Kikubaaqudgha
Makhleb
Nemelex Xobeh
Okawaru
Qazlal
Ru
Sif Muna
Trog
Uskayaw
Vehumet
Xom
Yredelemnul
Ignis

Shops:
D:6 !   D:8 ?   D:15 (?=   Orc:2 [![*(   Elf:1 (   Vaults:1 *[   Vaults:3 !(=

Portals:
Abyss: D:5
Trove: Vaults:3 (give +5 demon trident)

Annotations:
D:5 2 transporters, asti's ghost, novice DsFi
Lair:1 1 runed translucent door, 2 transporters, Newt's ghost, journeyman KoHu
Lair:2 exclusion: oklob plant
Lair:3 exclusion: oklob plant
Lair:4 1 runed translucent door, pigah's ghost, journeyman OpWn
Vaults:3 Sojobo


Innate Abilities, Weirdness & Mutations

Your life essence is reduced to manifest your ancestor. (-10% HP)
You are completely covered in large bone plates. (SH +8)
A meltable icy envelope protects you from harm. (AC +8)
A meltable shield of frost defends you. (SH +4)
Spells you cast may paralyse nearby enemies.
You punish those that try to bend your will. (Will+)
Your touch may irresistibly damage your foes and sap their willpower.


Message History

The tengu reaver gestures at you while chanting.
The bolt of negative energy hits Servius.
Servius completely resists.
The bolt of negative energy hits the air elemental.
The air elemental completely resists.
The bolt of negative energy hits the air elemental.
The air elemental completely resists.
The bolt of negative energy hits you!!
You feel drained.
* * * LOW HITPOINT WARNING * * *
You miss Sojobo.
Sojobo is almost dead.
The air elemental is engulfed in freezing vapours. x2
You destroy the air elemental!
The air elemental disappears in a puff of smoke!
The air elemental is engulfed in freezing vapours.
The air elemental fires a burst of electricity at you.
The stunning burst hits you. You resist.
You suddenly lose the ability to move!
* * * LOW HITPOINT WARNING * * *
The air elemental is engulfed in freezing vapours.
The air elemental hits you but does no damage.
Sojobo is engulfed in freezing vapours.
Sojobo hits you with a +2 great sword of electrocution.
* * * LOW HITPOINT WARNING * * *
Sojobo pecks you but does no damage. Sojobo claws you but does no damage.
The tengu reaver is engulfed in freezing vapours.
The tengu reaver hits Servius with a +0 war axe!!
The tengu reaver pecks Servius but does no damage.
Servius blocks the tengu reaver's attack.
The air elemental is engulfed in freezing vapours.
The air elemental hits Servius.
The air elemental is engulfed in freezing vapours.
The air elemental hits you.
* * * LOW HITPOINT WARNING * * *
The tengu reaver blocks Servius's attack.
Servius hits the air elemental with a +0 broad axe of flaming!!
Servius burns the air elemental.
The air elemental is engulfed in freezing vapours.
The air elemental fires a burst of electricity at you.
The stunning burst hits you! You resist.
You die...

............p.....#..............
.............☼☼☼○☼#..≈≈≈≈≈......#
.#############....#.)≈...≈......#
##,,,,,,,,,,,#EQ..#..≈.∩.≈......#
,*,,,,,,,,,,,#.R§§#..≈...≈......#
,*,,*******,,#..§§#..≈≈≈≈≈......#
,*,,*,,,,,*,,#.§§§#.............#
,*,,*,,,,,*,,#.Q§E#.............#
,*,,*,,,,,*,,#.§@§#......#......#
,+,,*,,,,,*,,#....########......#
**,,*,,,,,*,,#..................#
,*,,*****+*,,#...................
,*,,,,,,,,,,.#....##'##########..
,*,,,,,,,,,,.#....#R..#...+,,,*..
,*##########+#....#.#.#.#.#,*,*,,
,,,...............#...#...#,,,*,,
#+###.............###+#.#.#####,,


You could see the friendly Servius the knight (fast, idealised, reflecting),
Sojobo (fast, repels missiles, extremely poisoned), a tengu reaver (ally target)
and 2 air elementals.

Vanquished Creatures
  Xtahua (Vaults:3)
  Jory (Vaults:2)
  Frances (D:14)
  Kirke (Lair:5)
  2 emperor scorpions
  A ghost moth (Spider:4)
  3 vault wardens
  3 ironbound preservers
  2 broodmothers (Spider:4)
  An orc warlord (Vaults:3)
  A very ugly thing (D:15)
  3 ironbound thunderhulks
  4 eleionomae
  A deep elf annihilator (Elf:1)
  A bunyip (Swamp:4)
  A white draconian (IceCv)
  7 dire elephants
  2 spark wasps
  An ettin (shapeshifter) (Elf:1)
  An ettin (D:15)
  3 yaktaur captains
  7 vault guards
  2 entropy weavers
  2 great orbs of eyes
  Erolcha (D:9)
  A shambling mangrove (Swamp:2)
  Harold (D:11)
  An ogre mage (D:12)
  2 ghost crabs
  6 boulder beetles
  9 hydras
  3 jorogumos
  9 centaur warriors
  Erica (Orc:1)
  A radroach (Spider:4)
  3 ironbound frosthearts
  A death knight (Vaults:3)
  4 two-headed ogres
  3 dancing weapons (Elf:1)
  A tengu warrior (D:10)
  5 alligators
  4 orc high priests (Orc:2)
  Urug (Orc:2)
  2 skysharks
  3 deep elf knights
  4 pharaoh ants
  A shadow wraith (Vaults:3)
  4 hell knights (Vaults:2)
  5 skeletal warriors (D:12)
  3 sun moths
  Lodul (D:11)
  4 swamp dragons
  A goliath frog (Swamp:4)
  5 orb spiders
  2 deep trolls
  A deep elf archer (Elf:1)
  A spectral hydra (Lair:3)
  2 bog bodies (Swamp:3)
  A spriggan druid (Swamp:3)
  2 lindwurms
  2 wizards
  3 steelbarb worms
  9 ironbound convokers
  Pikel (D:6)
  A glowing orange brain (Vaults:2)
  3 harpies (Vaults:1)
  6 deep elf zephyrmancers
  2 necromancers
  3 orc knights
  7 deep elf pyromancers
  13 wolf spiders
  An oklob plant (Lair:3)
  2 will-o-the-wisps
  2 manticores
  7 ugly things
  3 cyclopes
  4 orc sorcerers
  2 moths of wrath
  6 black mambas
  2 ice statues (IceCv)
  4 elephants (Lair:3)
  5 vault sentinels
  2 torpor snails
  2 gargoyles
  12 demonic crawlers
  7 cane toads
  7 yaktaurs
  7 rime drakes
  An efreet (D:15)
  3 unseen horrors
  A kobold demonologist (D:9)
  3 tengu conjurers (D:15)
  A bloated husk (Swamp:3)
  7 komodo dragons
  5 meliai
  2 trolls
  17 tarantellas
  16 hornets
  A queen bee (D:8)
  4 polar bears
  17 blink frogs
  5 tyrant leeches
  9 dream sheep
  2 spectral black mambas (Lair:3)
  21 slime creatures
  19 jumping spiders
  A shadow (D:12)
  12 culicivoras
  2 air elementals (Elf:1)
  3 water elementals (D:12)
  21 spriggans
  A centaur simulacrum (D:14)
  A vampire (D:13)
  A hog (Lair:5)
  80 yaks
  6 wyverns
  4 basilisks
  21 fire elementals
  A yak (shapeshifter) (D:12)
  A human (D:14)
  34 redbacks
  A steam dragon (D:9)
  5 vampire mosquitoes
  10 swamp worms
  An acid dragon (D:12)
  3 wargs
  10 water moccasins
  A glowing shapeshifter skeleton (Vaults:2)
  An ice beast (D:7)
  A sky beast (D:8)
  4 swamp drakes
  A spectral blink frog (Lair:3)
  26 orc warriors
  8 black bears
  A spectral rime drake (Lair:3)
  2 human zombies (Vaults:2)
  42 wolves
  14 ogres
  5 boggarts (Lair:5)
  16 centaurs
  2 phantoms
  3 lemures (D:6)
  4 kobold brigands
  12 bullfrogs
  4 gnoll sergeants
  3 earth elementals (Elf:1)
  2 human skeletons (Vaults:2)
  7 scorpions
  19 killer bees
  2 lindwurm simulacra (IceCv)
  8 howler monkeys
  4 electric eels (D:12)
  A lava snake (D:15)
  5 komodo dragon simulacra (IceCv)
  3 hounds
  A jelly (D:6)
  A gnoll bouda (D:9)
  26 orc priests
  5 iguanas
  20 orc wizards
  14 adders
  22 gnolls
  4 acid dragon simulacra (IceCv)
  A white imp (D:5)
  10 steam dragon simulacra (IceCv)
  2 ufetubi
  2 worms
  A dart slug (D:2)
  78 orcs
  8 ball pythons
  3 endoplasms
  5 giant cockroaches
  15 goblins
  9 hobgoblins
  10 jackals
  28 kobolds
  6 quokkas
  5 bats
  3 frilled lizards
  6 rats
  A pillar of salt (Vaults:2)
1116 creatures vanquished.

Vanquished Creatures (collateral kills)
  Margery (Vaults:2)
  Nikola (Swamp:1)
  A thorn hunter (Swamp:4)
  Roxanne (Elf:1)
  Donald (Vaults:1)
  2 emperor scorpions (Spider:4)
  Louise (Swamp:1)
  4 vault wardens
  2 ghost moths (Spider:4)
  4 ironbound preservers
  5 ironbound thunderhulks
  A vampire knight (Vaults:3)
  2 broodmothers (Spider:4)
  An eleionoma (Swamp:3)
  3 dire elephants
  4 spark wasps
  4 bunyips
  An entropy weaver (Spider:1)
  A yaktaur captain (Vaults:3)
  A great orb of eyes (Vaults:3)
  9 vault guards
  An ogre mage (D:14)
  A jorogumo (Spider:1)
  7 hydras
  2 radroaches
  A boulder beetle (Spider:2)
  An ironbound frostheart (Vaults:2)
  A ghost crab (Swamp:4)
  A dancing weapon (Elf:1)
  A two-headed ogre (shapeshifter) (D:15)
  An alligator (Swamp:3)
  4 orc high priests (Orc:2)
  2 hell knights (Vaults:2)
  A pharaoh ant (Spider:1)
  3 spriggan druids
  A sun moth (Spider:4)
  7 deep trolls
  2 goliath frogs
  10 orb spiders
  4 swamp dragons
  A deep elf archer (Spider:3)
  A harpy (Vaults:2)
  4 lindwurms
  7 steelbarb worms
  5 ironbound convokers
  A wizard (Vaults:2)
  7 wolf spiders
  4 deep elf pyromancers (Elf:1)
  4 deep elf zephyrmancers (Elf:1)
  2 ugly things
  A will-o-the-wisp (Swamp:2)
  A moth of wrath (Spider:4)
  2 demonic crawlers (Spider:4)
  4 vault sentinels
  3 torpor snails
  2 rime drakes (Swamp:4)
  3 yaktaurs (Vaults:2)
  A tengu conjurer (D:15)
  2 meliai (Spider:2)
  2 tyrant leeches
  A troll (D:14)
  4 hornets
  9 tarantellas
  A raiju (Spider:3)
  19 jumping spiders
  7 culicivoras
  12 slime creatures
  A flying skull (Vaults:3)
  9 spriggans
  A human (D:14)
  A basilisk (D:15)
  5 fire elementals
  A vampire mosquito (Swamp:4)
  13 redbacks
  8 swamp worms
  A warg (Orc:2)
  An orc warrior (Orc:2)
  5 swamp drakes
  An ogre (Orc:2)
  3 centaurs
  5 orc priests (Orc:2)
  15 orcs (Orc:2)
  4 briar patches (Swamp:4)
  A pillar of salt (Vaults:2)
286 creatures vanquished.

Vanquished Creatures (others)
  2 shambling mangroves
  2 hydras
  A sun moth (Spider:4)
  4 goliath frogs
  A swamp dragon (Swamp:4)
  2 deep elf pyromancers (Elf:1)
  A deep elf zephyrmancer (Elf:1)
  A torpor snail (Spider:4)
  A yaktaur (Vaults:2)
  3 bloated husks
  A water elemental (D:12)
  2 humans (Lair:5)
  2 swamp worms (Swamp:1)
  21 knights
  3 ancestors
  72 foxfires
  26 fungi
  4 pillars of salt (Vaults:2)
  109 plants
258 creatures vanquished.

Grand Total: 1660 creatures vanquished

Notes
Turn   | Place    | Note
-------+----------+-------------------------------------------
     0 | D:1      | dolemite99 the Demonspawn Fighter began the quest for the
                  | Orb.
     0 | D:1      | Reached XP level 1. HP: 18/18 MP: 1/1
   220 | D:1      | Gained mutation: You are partially covered in large bone
                  | plates. (SH +4) [demonic ancestry]
   220 | D:1      | Reached XP level 2. HP: 21/24 MP: 2/2
   832 | D:2      | Gained mutation: Your touch may inflict minor irresistible
                  | damage on your foes. [demonic ancestry]
   832 | D:2      | Reached XP level 3. HP: 29/29 MP: 3/3
  1034 | D:2      | Gained mutation: A meltable shield of frost defends you.
                  | (SH +4) [demonic ancestry]
  1034 | D:2      | Reached XP level 4. HP: 35/35 MP: 4/4
  1062 | D:2      | Found a faded altar of an unknown god.
  1071 | D:2      | Prayed at the altar of an unknown god.
  1071 | D:2      | Became a worshipper of Ignis, the Dying Flame
  1634 | D:3      | Reached XP level 5. HP: 41/41 MP: 5/5
  1647 | D:3      | Reached skill level 5 in Axes
  1825 | D:3      | Noticed a phantom
  1841 | D:3      | Killed a phantom
  2087 | D:3      | Found an opulent altar of Gozag.
  2112 | D:3      | Gained mutation: Spells you cast may paralyse adjacent
                  | enemies. [demonic ancestry]
  2112 | D:3      | Reached XP level 6. HP: 47/47 MP: 6/6
  2243 | D:4      | Found a sparkling altar of Nemelex Xobeh.
  2245 | D:4      | Found a staircase to the Ecumenical Temple.
  2716 | D:4      | Identified the +6 leather armour "Bucaud" {Contam Harm
                  | rC+++ Dex+2}
  2772 | D:4      | Identified the +11 hand axe of Compound Interest
                  | {antimagic, rElec rF+}
  3026 | D:5      | Entered Level 5 of the Dungeon
  3070 | D:5      | Found a hazy altar of Hepliaklqana.
  3117 | D:5      | Noticed a small abomination
  3127 | D:5      | Found a one-way gate to the infinite horrors of the Abyss.
  3127 | D:5      | Noticed asti's ghost (novice DsFi)
  3172 | D:5      | Found a transporter.
  3206 | D:5      | Noticed a small abomination
  3401 | D:5      | Found a transporter.
  3435 | D:4      | Gained mutation: You are mostly covered in large bone
                  | plates. (SH +6) [demonic ancestry]
  3435 | D:4      | Reached XP level 7. HP: 51/52 MP: 7/7
  4293 | D:5      | Gained mutation: Your touch may inflict irresistible damage
                  | on your foes. [demonic ancestry]
  4293 | D:5      | Reached XP level 8. HP: 58/58 MP: 8/8
  4667 | D:6      | Reached skill level 10 in Axes
  4670 | D:6      | Noticed Pikel
  4701 | D:6      | Killed Pikel
  4876 | D:6      | Gained mutation: You are completely covered in large bone
                  | plates. (SH +8) [demonic ancestry]
  4876 | D:6      | Reached XP level 9. HP: 60/63 MP: 9/9
  4921 | D:6      | Found Junaecan's Distillery.
  5042 | D:6      | Found an ancient bone altar of Kikubaaqudgha.
  5079 | D:6      | Found a sacrificial altar of Ru.
  5484 | D:6      | Killed an unseen horror
  5930 | D:7      | Reached skill level 5 in Shields
  6284 | D:7      | Found a stormy altar of Qazlal.
  6319 | D:7      | Found a bloodstained altar of Trog.
  6591 | D:8      | Noticed a queen bee
  6599 | D:8      | Reached skill level 5 in Armour
  6600 | D:8      | Killed a queen bee
  6603 | D:8      | Reached XP level 10. HP: 39/70 MP: 10/10
  6989 | D:8      | Noticed a two-headed ogre
  7145 | D:8      | Found Netuw's Magic Scroll Emporium.
  7150 | D:8      | Bought a scroll of blinking for 112 gold pieces
  7150 | D:8      | Bought a scroll of fear for 60 gold pieces
  7150 | D:8      | Bought a scroll of teleportation for 45 gold pieces
  7150 | D:8      | Bought a scroll of enchant armour for 112 gold pieces
  7150 | D:8      | Bought 3 scrolls of teleportation for 135 gold pieces
  7444 | D:8      | Killed a two-headed ogre
  7445 | D:8      | Reached skill level 5 in Fighting
  7873 | D:9      | Found a broken altar of Ashenzari.
  7931 | D:9      | Noticed Erolcha
  7946 | D:9      | Killed Erolcha
  8072 | D:9      | Found a blossoming altar of Fedhas.
  8133 | D:9      | Noticed a soul eater
  8672 | D:9      | Gained mutation: Spells you cast may paralyse nearby
                  | enemies. [demonic ancestry]
  8672 | D:9      | Reached XP level 11. HP: 86/86 MP: 11/11
  9170 | D:10     | Entered Level 10 of the Dungeon
  9299 | D:10     | Noticed a tengu warrior
  9317 | D:10     | Killed a tengu warrior
  9708 | D:10     | Found a flagged portal.
  9718 | Bailey   | Entered a bailey
 11239 | D:11     | Noticed Lodul
 11258 | D:11     | Killed Lodul
 11274 | D:11     | Noticed a two-headed ogre
 11284 | D:11     | Killed a two-headed ogre
 11645 | D:11     | Found a staircase to the Lair.
 11748 | D:11     | Noticed Harold
 11770 | D:11     | Killed Harold
 11774 | D:11     | Gained mutation: Your touch may irresistibly damage your
                  | foes and sap their willpower. [demonic ancestry]
 11774 | D:11     | Reached XP level 12. HP: 95/97 MP: 12/12
 12425 | D:8      | Bought a scroll of identify for 30 gold pieces
 12425 | D:8      | Bought a scroll of fog for 60 gold pieces
 12506 | Lair:1   | Entered Level 1 of the Lair of Beasts
 12609 | Lair:1   | Found a runed translucent door.
 12610 | Lair:1   | Found a shimmering altar of Xom.
 12610 | Lair:1   | Noticed Newt's ghost (journeyman KoHu)
 12622 | Lair:1   | Found a transporter.
 12749 | Lair:1   | Found a transporter.
 13117 | Lair:1   | Reached skill level 10 in Shields
 13836 | Lair:2   | Found a shadowy altar of Dithmenos.
 14134 | Lair:2   | Reached skill level 1 in Evocations
 14586 | Lair:2   | Reached skill level 5 in Evocations
 15010 | Lair:3   | Reached XP level 13. HP: 57/103 MP: 13/13
 15308 | Lair:3   | Identified the +10 falchion "Voejots" {venom, rPois Will+
                  | Str-2}
 15525 | Lair:3   | Found a staircase to the Swamp.
 15867 | Lair:3   | Found a radiant altar of Vehumet.
 16553 | Lair:3   | Found a hole to the Spider Nest.
 16788 | Lair:3   | Reached skill level 10 in Fighting
 17557 | Lair:4   | Found a frozen archway.
 17571 | IceCv    | Entered an ice cave
 17870 | IceCv    | Reached skill level 1 in Stealth
 19125 | IceCv    | Noticed a white draconian
 19142 | IceCv    | Killed a white draconian
 19175 | IceCv    | Got the Treatise on the Wendigo
 19217 | IceCv    | Identified the ring of Nukost {rCorr Int+4}
 19588 | Lair:4   | Found a runed translucent door.
 19590 | Lair:4   | Found a shimmering altar of Xom.
 19590 | Lair:4   | Noticed pigah's ghost (journeyman OpWn)
 20017 | Lair:5   | Entered Level 5 of the Lair of Beasts
 20273 | Lair:5   | Reached skill level 10 in Armour
 20390 | Lair:5   | Paralysed by a hornet for 2 turns
 20474 | Lair:5   | Gained mutation: You punish those that try to bend your
                  | will. (Will+) [demonic ancestry]
 20474 | Lair:5   | Reached XP level 14. HP: 105/113 MP: 14/14
 21697 | Lair:5   | Noticed Kirke
 21712 | Lair:5   | Killed Kirke
 21959 | Lair:5   | Identified the +1 scale mail "Ughagu" {rN+ Will- Slay+3
                  | Stlth+}
 21995 | Lair:5   | Found a staircase to the Slime Pits.
 23194 | D:12     | Found a staircase to the Orcish Mines.
 23208 | D:12     | Reached skill level 15 in Axes
 24537 | D:12     | Got the Omnibus of Pneumatic Conflict
 25414 | Temple   | Entered the Ecumenical Temple
 25499 | D:5      | Fell from the grace of Ignis
 25499 | D:5      | Became a worshipper of Hepliaklqana the Forgotten
 25653 | Orc:1    | Entered Level 1 of the Orcish Mines
 25717 | Orc:2    | Entered Level 2 of the Orcish Mines
 26181 | Orc:1    | Noticed Erica
 26189 | Orc:1    | Killed Erica
 26696 | Orc:1    | Reached * piety under Hepliaklqana
 26993 | Orc:2    | Reached XP level 15. HP: 61/108 MP: 15/15
 27476 | Orc:2    | Found Taot's Armour Shoppe.
 27476 | Orc:2    | Found Bolunez's Assorted Antiques.
 27525 | Orc:2    | Found Heaptof's Weapon Shoppe.
 27703 | Orc:2    | Bought the +0 mask of the Dragon {Will+ Slay+3 SInv} for
                  | 1135 gold pieces
 27703 | Orc:2    | Found the +0 mask of the Dragon {Will+ Slay+3 SInv}
 27760 | Orc:2    | Found a staircase to the Elven Halls.
 28328 | Orc:2    | Noticed Urug
 28339 | Orc:2    | Killed Urug
 28747 | Orc:2    | Found Myfrineu's Armour Shoppe.
 28747 | Orc:2    | Found Qoiphul's Distillery.
 29038 | Orc:2    | Bought a scroll of blinking for 255 gold pieces
 29038 | Orc:2    | Bought a potion of might for 136 gold pieces
 29069 | Orc:2    | Bought a scarf of resistance for 480 gold pieces
 29118 | Orc:2    | Bought a potion of haste for 150 gold pieces
 29118 | Orc:2    | Bought a potion of curing for 45 gold pieces
 29118 | Orc:2    | Bought a potion of cancellation for 120 gold pieces
 29549 | D:13     | You fall into a shaft and drop 1 floor!
 29918 | D:13     | Reached ** piety under Hepliaklqana
 29919 | D:13     | Remembered your ancestor Servius as a knight
 30050 | D:13     | You fall into a shaft and drop 2 floors!
 30050 | D:15     | Entered Level 15 of the Dungeon
 30050 | D:15     | Was forgiven by Ignis
 30120 | D:15     | Found Jusetwun's Magic Scroll Shoppe.
 30355 | D:15     | Found Luoxior's Jewellery Boutique.
 30514 | D:15     | Found a staircase to the Depths.
 30576 | D:15     | Bought a scroll of enchant weapon for 135 gold pieces
 30576 | D:15     | Bought a scroll of enchant armour for 135 gold pieces
 30798 | D:14     | Noticed Frances
 30813 | D:14     | Killed Frances
 31296 | D:14     | Found a gate to the Vaults.
 31723 | D:15     | Found Lahadureto's Weapon Boutique.
 32276 | D:15     | Reached *** piety under Hepliaklqana
 32714 | Swamp:1  | Entered Level 1 of the Swamp
 32720 | Swamp:1  | You fall into a shaft and drop 1 floor!
 32742 | Swamp:2  | Reached XP level 16. HP: 62/117 MP: 16/16
 33806 | Swamp:1  | Noticed Nikola
 33815 | Swamp:1  | Killed Nikola
 33815 | Swamp:1  | Noticed Louise
 33827 | Swamp:1  | Killed Louise
 34206 | Swamp:2  | Reached **** piety under Hepliaklqana
 36360 | Swamp:4  | Entered Level 4 of the Swamp
 36711 | D:15     | Bought a ring of poison resistance for 240 gold pieces
 38023 | Swamp:4  | Noticed a thorn hunter
 38275 | Swamp:4  | Killed a thorn hunter
 38726 | Swamp:4  | Got a decaying rune of Zot
 38865 | Spider:1 | Entered Level 1 of the Spider Nest
 38884 | Spider:1 | Reached skill level 15 in Shields
 38884 | Spider:1 | Gained mutation: A meltable icy envelope protects you from
                  | harm. (AC +8) [demonic ancestry]
 38884 | Spider:1 | Reached XP level 17. HP: 114/122 MP: 17/17
 39037 | Spider:1 | Reached ***** piety under Hepliaklqana
 39215 | Spider:1 | You fall into a shaft and drop 1 floor!
 41167 | D:15     | Bought an amulet of reflection for 360 gold pieces
 42442 | Spider:3 | Reached skill level 1 in Invocations
 42971 | Spider:3 | Reached skill level 5 in Invocations
 43825 | Spider:4 | Entered Level 4 of the Spider Nest
 44647 | Spider:4 | Reached skill level 10 in Invocations
 44676 | Spider:4 | Reached skill level 1 in Throwing
 44691 | Spider:4 | Gained mutation: A meltable icy envelope protects you from
                  | harm. (AC +8) [demonic ancestry]
 44691 | Spider:4 | Reached XP level 18. HP: 74/129 MP: 25/25
 47895 | Spider:4 | Got a gossamer rune of Zot
 48445 | Vaults:1 | Entered Level 1 of the Vaults
 48599 | Vaults:1 | Reached skill level 15 in Fighting
 49222 | Vaults:1 | Found Ywifiga's Armour Shoppe.
 49312 | Vaults:1 | Noticed Donald
 49324 | Vaults:1 | Killed Donald
 49784 | Vaults:1 | Learned a level 2 spell: Blink
 49784 | Vaults:1 | Found Vowum's Assorted Antiques.
 49800 | Vaults:1 | Bought a scroll of brand weapon for 218 gold pieces
 49803 | Vaults:1 | Bought a scroll of fog for 92 gold pieces
 49803 | Vaults:1 | Bought a wand of iceblast (3) for 165 gold pieces
 50948 | Elf:1    | Entered Level 1 of the Elven Halls
 51167 | Elf:1    | Found Tirreno's Weapon Emporium.
 51181 | Elf:1    | Noticed Roxanne
 51211 | Elf:1    | Killed Roxanne
 51991 | Elf:1    | Paralysed by an air elemental for 1 turns
 52476 | Elf:1    | Got Buduc's Quarto of Conjuration
 52644 | Elf:1    | Reached XP level 19. HP: 111/144 MP: 26/26
 52971 | Elf:1    | Paralysed by an air elemental for 1 turns
 53737 | Vaults:2 | Reached skill level 15 in Armour
 53738 | Vaults:2 | Found a crumbling gateway.
 53878 | Vaults:2 | Noticed Margery
 54284 | Vaults:2 | Killed Margery
 54608 | Vaults:2 | Identified the +13 plate armour of the Shoals {Int+4}
 55401 | Vaults:2 | Noticed Jory
 55425 | Vaults:2 | Killed Jory
 55861 | Vaults:3 | Found Cohiz's Distillery.
 55982 | Vaults:3 | Bought a potion of resistance for 180 gold pieces
 55982 | Vaults:3 | Bought a potion of heal wounds for 90 gold pieces
 55982 | Vaults:3 | Bought a potion of might for 72 gold pieces
 55982 | Vaults:3 | Bought a potion of cancellation for 144 gold pieces
 55982 | Vaults:3 | Bought a potion of curing for 54 gold pieces
 55982 | Vaults:3 | Bought a potion of curing for 54 gold pieces
 55982 | Vaults:3 | Bought a potion of curing for 54 gold pieces
 56086 | Vaults:3 | Found a portal to a secret trove of treasure.
 56087 | Vaults:3 | Noticed Xtahua
 56099 | Vaults:3 | Killed Xtahua
 57383 | Vaults:3 | Found a staircase to the Crypt.
 57520 | Vaults:3 | Found Fabuepra's Jewellery Boutique.
 57527 | Vaults:3 | Found Reul's Antique Weapon Shoppe.
 57996 | Vaults:3 | Noticed Sojobo
 58010 | Vaults:3 | Paralysed by an air elemental for 1 turns
 58020 | Vaults:3 | Paralysed by an air elemental for 1 turns
 58021 | Vaults:3 | HP: 4/138 [air elemental[Sojobo] (5)]
 58021 | Vaults:3 | Killed from afar by an air elemental

Illustrated notes

Levels and vault maps discovered:
D:1:      dpeg_arrival_shelter, layout_loops_ring
D:2:      layout_loops_ring, shapermc_ecumenical_altar_pompeii
D:3:      layout_loops_ring, nicolae_overflow_hidden_temple,
          dreamdust_wishing_well, serial_bayou_crossing
D:4:      layout_loops_cross, nemelex_xobeh_ov_fountains_minmay,
          minmay_temple_entry_statues_fountains, grunt_ministairs_4,
          ebering_dispersal_statue_hall, minmay_misc_feat_iff,
          guppyfry_early_lair_pool
D:5:      layout_loops_cross, worldfamousw_hep_ancestral_shrine,
          gammafunk_ghost_abyssal_escape
D:6:      layout_basic, mainiacjoe_overflow_swirl, serial_shops,
          nicolae_take_the_stairs, uniq_pikel
D:7:      layout_cave_pools, mainiacjoe_overflow_surrounded_room,
          trog_hazing_becter
D:8:      layout_loops_ring, serial_shops, kennysheep_little_box,
          nicolae_looking_at_the_future
D:9:      layout_cave_pools, fedhas_altar_1, ashenzari_conservatory_becter,
          serial_bayou_pond_b, uniq_erolcha
D:10:     layout_loops_ring, enter_bailey_4
D:11:     layout_basic, lair_entry_dummy, uniq_lodul, uniq_harold
D:12:     minmay_the_grid_four_pointed_star
          [minmay_the_grid_triangle_9x9_thin_v,
          minmay_the_grid_triangle_9x9_sprig,
          minmay_the_grid_triangle_9x9_zippers_horizontal,
          minmay_the_grid_triangle_9x9_corruption,
          minmay_the_grid_prize_four_corners_diamond_a], layout_basic
D:13:     layout_roguey [special_room_orc]
D:14:     layout_roguey, grunt_vaults_entry_fortified,
          hangedman_abyss_or_decor_clamps, uniq_frances
D:15:     hangedman_depths_entry_civil_slaughter, layout_loops_ring,
          serial_shops, nicolae_inconvenience_store, nicolae_square_shop,
          nicolae_shop_hallway_stairs, hangedman_abyss_or_decor_stabs,
          drop_trap, minivault_20, hangedman_abyss_or_decor_passed
Temple:   nicolae_temple_ecumenical_triangle
Lair:1:   gammafunk_worm_tunnel, layout_cave_pods, ebering_ghost_xom
Lair:2:   layout_cave_pods, serial_bayou_lagoon_a, lemuel_oklob_altar
Lair:3:   minmay_lair_oklob_tunnel, layout_long_grid,
          nicolae_swamp_entry_spooky, nicolae_spider_entry_tight_spaces,
          basic_altar, serial_bayou_shore_b, grunt_megastairs_5
Lair:4:   layout_cave_pods, portal_ice_cave_rime, ebering_ghost_xom,
          st_stairs_12
Lair:5:   minmay_lair_end_enchanted_forest, layout_cave_pods, slime_entry_1,
          lemuel_fruit_tree, uniq_kirke
Swamp:1:  layout_basic_swamp, nicolae_swamp_dense_foliage, uniq_louise,
          uniq_nikola
Swamp:2:  layout_basic_swamp, nicolae_swamp_tree_isthmus
Swamp:3:  nicolae_swamp_secret_spriggan_hideout, layout_falls_marsh,
          nicolae_swamp_well_well_well
Swamp:4:  swamp_alternative, layout_basic_swamp
Spider:1: layout_chambers
Spider:2: cheibrodos_forgotten_conduit
Spider:3: layout_spider_delve, special_room, beargit_elvish_explorers,
          hangedman_spider_tarantella_strand
Spider:4: guppyfry_spider_rune
Orc:1:    layout_diamond_mine, uniq_erica
Orc:2:    st_orc_town, layout_caves, serial_shops, nicolae_shop_trees,
          nicolae_orc_rockfall, uniq_urug
Elf:1:    layout_geoelf_octagon, serial_shops, shop, minmay_elf_annihilation,
          uniq_roxanne
Vaults:1: serial_ice_h, nicolae_vaults_meeting, v_misc_23,
          nicolae_vaults_ninety_degrees, nicolae_vaults_angled_halls,
          v_alt_pattern_2, nicolae_vaults_theta,
          nicolae_vaults_little_squares_3, ontoclasm_vaults_ring_square,
          nicolae_vaults_theta, layout_vaults_ring, serial_shops, shop_coins,
          nicolae_shop_stone, uniq_donald
Vaults:2: portal_desolation_entry_garden, nicolae_vaults_little_squares_4,
          hangedman_vaults_cutoff, v_misc_18, nicolae_vaults_triangles,
          v_misc_27, nicolae_vaults_what_the_h, v_pattern_2,
          ontoclasm_vaults_loading_screen, nicolae_vaults_rhombus_6,
          layout_vaults_maze_snakey, uniq_margery, uniq_jory
Vaults:3: v_misc_26, minmay_crypt_entry_simple_plaza, vaults_mumra_lcd,
          nicolae_vaults_network_quinsquares
          [nicolae_vaults_network_quincunx_subvault,
          nicolae_vaults_network_quincunx_subvault,
          nicolae_vaults_network_quincunx_subvault,
          nicolae_vaults_network_quincunx_subvault], v_misc_5,
          nicolae_vaults_rhombus_7, nicolae_vaults_gold_heap, v_alt_pattern_2,
          layout_vaults_chaotic_city, nicolae_trove_entry_isolated,
          serial_shops, nicolae_shop_hallway_plus, shop, shop_fountains,
          shop_statue, uniq_sojobo, uniq_xtahua, uniq_zenata

Skill      XL: |  1  2  3  4  5  6  7  8  9 10 11 12 13 14 15 16 17 18 19 |
---------------+----------------------------------------------------------+-----
Axes           | 2 3 4 5 7 8 11 13 15 16 17 | 17.0
Shields        | 6 7 10 15 16 | 16.0
Armour         | 5 7 8 10 12 14 17 | 17.0
Fighting       | 8 9 11 12 13 17 | 17.0
Evocations     | 5 8 |  8.4
Stealth        | 3 |  3.2
Invocations    | 10 | 10.0
Throwing       | 1 4 |  4.0

Action                     |  1- 3 |  4- 6 |  7- 9 | 10-12 | 13-15 | 16-18 | 19-21 || total
---------------------------+-------+-------+-------+-------+-------+-------+-------++-------
  Melee: War axe           |   108 |   195 |   224 |   792 |   644 |       |       ||  1963
         Broad axe         |       |       |       |       |   644 |   721 |   248 ||  1613
         Morningstar       |       |       |       |       |     7 |       |       ||     7
         Demon whip        |       |       |       |       |    43 |   652 |    29 ||   724
  Throw: Boomerang         |    24 |    60 |       |       |       |       |       ||    84
         Dart              |       |       |     8 |       |       |    17 |       ||    25
         Javelin           |       |       |       |       |    40 |    66 |       ||   106
         Throwing net      |       |       |       |       |       |     3 |       ||     3
 Invoke: Foxfire Swarm     |       |       |     4 |     2 |       |       |       ||     6
         Fiery Armour      |       |       |     3 |       |       |       |       ||     3
         Recall Ancestor   |       |       |       |       |     8 |    17 |     5 ||    30
         Ancestor Life: Kn |       |       |       |       |     1 |       |       ||     1
         Idealise          |       |       |       |       |       |     9 |     4 ||    13
  Evoke: Wand              |       |       |     6 |       |    36 |    34 |     8 ||    84
         Tin of tremorston |       |       |       |       |     8 |    12 |     3 ||    23
         Condenser vane    |       |       |       |       |       |     1 |     2 ||     3
         Box of beasts     |       |       |       |       |       |       |     1 ||     1
    Use: Scroll            |     4 |     1 |     7 |    16 |    14 |    18 |     7 ||    67
         Potion            |       |       |     5 |     5 |    10 |    14 |     7 ||    41
   Stab: Invisible         |       |       |       |       |     1 |       |       ||     1
         Distracted        |       |       |       |       |     6 |    28 |     4 ||    38
         Paralysed         |       |       |       |       |     2 |     3 |       ||     5
 Armour: Scale mail        |    31 |       |       |       |       |       |       ||    31
         Chain mail        |    31 |    80 |   112 |    16 |       |       |       ||   239
         Skin              |       |       |    33 |       |       |       |       ||    33
         Plate armour      |       |       |       |    95 |       |       |    65 ||   160
         Crystal plate arm |       |       |       |   135 |   628 |   824 |    22 ||  1609
  Dodge: Dodged            |    35 |    35 |    55 |    75 |   165 |   133 |    18 ||   516
  Block: Buckler           |    52 |   131 |    36 |       |       |       |       ||   219
         Kite shield       |       |       |   274 |   920 |  1611 |       |       ||  2805
         Tower shield      |       |       |       |       |    47 |  2514 |   365 ||  2926
         Reflection        |       |       |       |       |       |    17 |    28 ||    45

Table legend: (Time is in decaauts)
 A = Elapsed time spent in this place.
 B = Non-inter-level travel time spent in this place.
 C = Inter-level travel time spent in this place.
 D = Time resting spent in this place.
 E = Time spent auto-exploring this place.
 F = Levels seen in this place.
 G = Mean time per level.
                   A        B        C        D        E       F      G
               +--------+--------+--------+--------+--------+-----+--------+
         Total |  58259 |  52650 |   5609 |  19117 |  21796 |  37 | 1574.6 |
       Dungeon |  19269 |  16470 |   2799 |   4267 |   8531 |  15 | 1284.6 |
        Temple |     40 |     34 |      6 |      0 |      0 |   1 |   40.0 |
          Lair |   9789 |   8305 |   1484 |   2013 |   4321 |   5 | 1957.8 |
         Swamp |   5726 |   5386 |    340 |   2501 |   1775 |   4 | 1431.5 |
   Spider Nest |   8626 |   8471 |    155 |   3565 |   2908 |   4 | 2156.5 |
  Orcish Mines |   3619 |   3377 |    242 |   1295 |   1318 |   2 | 1809.5 |
   Elven Halls |   2353 |   2303 |     50 |   1170 |    817 |   1 | 2353.0 |
        Vaults |   6070 |   5539 |    531 |   2518 |   1860 |   3 | 2023.3 |
        Bailey |   1057 |   1057 |      0 |    594 |     77 |   1 | 1057.0 |
      Ice Cave |   1708 |   1708 |      0 |   1193 |    187 |   1 | 1708.0 |
               +--------+--------+--------+--------+--------+-----+--------+

Top non-repeatable levels by time:
Spider:3: 3096 daAuts
Spider:4: 2901 daAuts
  Lair:3: 2856 daAuts
Vaults:1: 2795 daAuts
 Swamp:3: 2432 daAuts
    D:12: 2368 daAuts
   Elf:1: 2353 daAuts
  Lair:5: 2290 daAuts
   Orc:2: 2057 daAuts
Vaults:2: 1970 daAuts
     D:5: 1931 daAuts
    D:15: 1866 daAuts
 Swamp:2: 1826 daAuts
    D:11: 1763 daAuts
    D:14: 1754 daAuts
